Description

Opens safely with a 2 evo and roach warren wall-in on 2 bases, to protect against early aggression, an early lair, into a +1 roach timing while getting a 3rd base behind it.

Replay - 2018-10-09 - (Z)Moll VS (Z)ViBE _5285mmrMast310apm_6min_cleanReplay

Build Order

Get SALT Encoding   

  16  0:50  Hatchery  
  16  1:07  Spawning Pool  
  18  1:29  Extractor  
  19  1:58  Queen  
  22  2:03  Queen  
  30  2:34  Lair  
  30  2:40  Queen  
  32  2:44  Evolution Chamber  
  32  2:57  Roach Warren  
  40  3:20  Zerg Missile Weapons Level 1  
  40  3:26  Evolution Chamber  
  39  3:27  Extractor x2  
  43  3:43  Glial Reconstitution  
  43  4:01  Roach  
  50  4:14  Roach  
  52  4:22  Roach x4  
  60  4:39  Hatchery  
  59  4:57  Roach x3  
  65  5:05  Roach  
Spawning Tool Build Advisor. Get it on Overwolf

Go to:

Details

  • Created by: ANTI   
  • Published on: Sep 03, 2019
  • Modified on: Sep 03, 2019
  • Patch: 4.7.1
Show
View Real Time Build Order
Export as new Build Order

Comments (0)

There are no comments. Be the first!

Create an account to comment!